 Dungeon Crawl Stone Soup version 0.20.1-1-g8b1a95d (webtiles) character file.

157 dmj the Shield-Bearer (level 5, -12/41 HPs)
             Began as a Human Fighter on July 31, 2017.
             Was an Initiate of Gozag.
             Killed by nerve-wracking pain
             ... invoked by Grinder
              (14 damage)
             ... on level 4 of the Dungeon.
             The game lasted 00:08:59 (3071 turns).

dmj the Shield-Bearer (Human Fighter)               Turns: 3071, Time: 00:09:00

Health: -12/41     AC:  6    Str: 22    XL:     5   Next: 66%
Magic:  5/5        EV:  6    Int:  9    God:    Gozag
Gold:   361        SH: 14    Dex: 12    Spells: 4/4 levels left

rFire    + . .     SeeInvis .   a - +1 war axe
rCold    x . .     Gourm    .   s - +0 large shield
rNeg     . . .     Faith    .   b - +0 scale mail
rPois    .         Spirit   .   (no helmet)
rElec    .         Reflect  .   (no cloak)
rCorr    .         Harm     .   (no gloves)
MR       .....                  (no boots)
Stlth    ..........             (no amulet)
Regen    0.2/turn               x - ring of fire
MPRegen  0.1/turn               (no ring)

@: mighty, gold aura, very slightly contaminated, invisible (expiring)
A: no striking features
a: Potion Petition, Call Merchant, Bribe Branch, Renounce Religion


You were on level 4 of the Dungeon.
You worshipped Gozag.
Gozag was aware of your devotion.
You were not hungry.

You visited 1 branch of the dungeon, and saw 4 of its levels.

You collected 389 gold pieces.
You paid 28 gold pieces to Gozag.

Inventory:

Hand Weapons
 a - a +1 war axe (weapon)
Armour
 b - a +0 scale mail (worn)
 s - a +0 large shield (worn)
Jewellery
 x - a ring of fire (left hand)
Scrolls
 c - a scroll of fear {unknown}
 f - 5 scrolls of remove curse
 j - 2 scrolls of noise
 m - a scroll of identify
Potions
 e - 3 potions of curing {unknown}
 g - 2 potions of flight {unknown}
 i - 2 potions of ambrosia {unknown}
 k - 2 potions of mutation {unknown}
 l - a potion of magic {unknown}
 n - a potion of resistance {unknown}
 p - 2 potions of heal wounds {unknown}
 u - a potion of cancellation {unknown}
 v - a potion of lignification {unknown}
Books
 w - a book of Cantrips

   Spells                             Type                      Level
   a - Confusing Touch                Hexes                        1
   b - Animate Skeleton               Necromancy                   1
   c - Summon Small Mammal            Summoning                    1
   d - Apportation                    Translocation                1
Comestibles
 o - 2 bread rations
 r - 3 fruits
 t - 2 royal jellies


   Skills:
 + Level 3.6 Fighting
 + Level 3.2 Axes
 + Level 3.5 Armour
 + Level 1.4 Dodging
 + Level 0.7 Stealth
 + Level 3.9 Shields


You had 4 spell levels left.
You didn't know any spells.

Dungeon Overview and Level Annotations

Branches:
Dungeon (4/15)
 Temple: D:4-7

Altars:
Gozag

Shops:
D:4 [

Annotations:
D:4 Grinder


Message History

The orc priest hits you with a trident.
* * * LOW HITPOINT WARNING * * *
The phantom is distracted by the nearby gold.
You closely miss the orc priest.
You flicker for a moment.
The orc wizard casts a spell past the phantom.
The magic dart hits the orc priest.
You block the orc priest's attack.
As you read the scroll labeled ZEARYU CUCAT, it crumbles to dust.
The creatures around you are filled with an inner flame!
It was a scroll of immolation.
The orc priest closely misses you.
Things that are here:
7 gold pieces; a flail; a leather armour Grinder comes into view.
Grinder shouts!
Grinder blinks!
The phantom is no longer distracted by gold.
Grinder gestures at you. Pain shoots through your body!
You die...
Your body crumbles into a pile of gold.

..####...###.#
#.##......##..
#.##.#..<.##.. #####
#..(....#..... #...#
##.............
#...###o.....<.......
#...$.o..............
#...####.............
#...@ยง...............
#...####5(...........
#...# #.............
#...# ##............
##### ##.....##..(.
##########. #. #. #!


You could see Grinder.

Vanquished Creatures
  2 worker ants
  An adder (D:2)
  An ooze (D:1)
  An adder skeleton (D:4)
  3 worms (D:2)
  3 dart slugs
  A leopard gecko (D:1)
  3 orcs (D:4)
  A ball python (D:2)
  9 bats
  5 giant cockroaches
  6 goblins
  6 hobgoblins
  7 jackals
  A quokka (D:3)
  5 frilled lizards
  12 kobolds
  5 rats
72 creatures vanquished.

Notes
Turn   | Place    | Note
-------+----------+-------------------------------------------
     0 | D:1      | dmj the Human Fighter began the quest for the Orb.
     0 | D:1      | Reached XP level 1. HP: 18/18 MP: 1/1
   141 | D:1      | Reached XP level 2. HP: 13/24 MP: 2/2
   263 | D:1      | Reached XP level 3. HP: 13/29 MP: 3/3
   911 | D:2      | Reached XP level 4. HP: 26/35 MP: 4/4
   928 | D:2      | Found an opulent altar of Gozag.
   949 | D:2      | Became a worshipper of Gozag Ym Sagoz the Greedy
   956 | D:2      | Reached skill level 1 in Dodging
  2430 | D:3      | Reached XP level 5. HP: 37/41 MP: 5/5
  3009 | D:4      | Found Ydo Qothuorch's Antique Armour Shoppe.
  3049 | D:4      | Noticed a phantom
  3066 | D:4      | HP: 1/41 [orc priest/trident (5)]
  3070 | D:4      | Noticed Grinder
  3071 | D:4      | Killed from afar by Grinder

Skill      XL: |  1  2  3  4 |
---------------+-------------+-----
Dodging        | 1 |  1.4
Axes           | 3 |  3.2
Fighting       | |  3.6
Armour         | |  3.5
Stealth        | |  0.7
Shields        | |  3.9

Action                   |  1- 3 |  4- 6 || total
-------------------------+-------+-------++-------
Melee: War axe           |   121 |   128 ||   249
  Use: Scroll            |     1 |     7 ||     8
       Potion            |       |     2 ||     2
  Eat: Bread ration      |       |     1 ||     1
       Meat ration       |       |     1 ||     1
Armor: Scale mail        |    75 |    73 ||   148
Dodge: Dodged            |    35 |    41 ||    76
Block: Shield            |    65 |    49 ||   114
       Large shield      |       |    66 ||    66
